 Dungeon Crawl Stone Soup version 0.31-a0-325-g067879e3d3 (webtiles) character file.

Game seed: 3734533253485567353

11076 Gelion the Grappler (level 11, -3/113 HPs)
             Began as a Troll Shapeshifter on July 19, 2023.
             Was a Believer of Okawaru.
             Slain by a bullfrog (7 damage)
             ... on level 1 of the Lair of Beasts.
             The game lasted 00:21:29 (9128 turns).

Gelion the Grappler (Troll Shapeshifter)            Turns: 9128, Time: 00:21:29

Health: -3/113     AC:  3    Str: 25    XL:     11   Next: 44%
Magic:  11/11      EV: 16    Int:  4    God:    Okawaru [**....]
Gold:   588        SH:  0    Dex: 20    Spells: 10/10 levels left

rFire   . .          .
                       - Unarmed
rCold   . . .        (shield currently unavailable)
rNeg    . . .        a - +0 animal skin
rPois   .            r - +1 hat
rElec   .            (no cloak)
rCorr   .            (gloves unavailable)
SInv    .            (boots unavailable)
Will    .....        E - amulet of regeneration
Stlth   ++           F - +6 ring of dexterity
HPRegen 1.98/turn    y - +5 ring of evasion
MPRegen 0.12/turn

%: no passive effects
@: about to teleport, blade hands, studying Fighting
A: large, unfitting armour, claws 3, regeneration 1, shaggy fur 1, tough skin 1
a: Begin Untransformation, Renounce Religion, Heroism


You were on level 1 of the Lair of Beasts.
You worshipped Okawaru.
Okawaru was pleased with you.
You had blades for hands.
You visited 3 branches of the dungeon, and saw 12 of its levels.
You also visited: Sewer.

You collected 588 gold pieces.

Inventory:

Missiles
 g - 3 throwing nets
Armour
 a - a +0 animal skin (worn)
 r - a +1 hat (worn)
Jewellery
 o - a ring of willpower
 y - a +5 ring of evasion (right blade hand)
 E - an amulet of regeneration (around neck)
 F - a +6 ring of dexterity (left blade hand)
Talismans
 H - a blade talisman
Wands
 f - a wand of polymorph (8)
 j - a wand of flame (25)
 m - a wand of acid (8)
 z - a wand of roots (16)
 G - a wand of charming (14)
Scrolls
 c - a scroll of immolation {unknown}
 t - 6 scrolls of fog
 u - a scroll of revelation
 A - a scroll of identify
 B - a scroll of teleportation
 D - 3 scrolls of torment
 I - a scroll of amnesia
Potions
 b - 4 potions of lignification
 d - 5 potions of curing {unknown}
 e - 5 potions of attraction
 h - a potion of enlightenment {unknown}
 i - 2 potions of berserk rage {unknown}
 l - 4 potions of brilliance {unknown}
 n - a potion of mutation {unknown}
 p - 2 potions of might {unknown}
 q - 3 potions of cancellation {unknown}
 v - a potion of resistance {unknown}
 w - a potion of haste {unknown}
 x - a potion of ambrosia {unknown}
 C - a potion of magic {unknown}


   Skills:
 + Level 8.7 Fighting
 + Level 2.8 Dodging
 * Level 11.5 Unarmed Combat
 + Level 2.2 Invocations
 * Level 10.0 Shapeshifting


You had 10 spell levels left.
You didn't know any spells.
Your spell library contained the following spells:

 Spells                   Type           Power      Damage    Failure   Level
 Sandblast                Erth           0%         2d4       87%         1
 Shock                    Conj/Air       0%         1d3       87%         1
 Slow                     Hex            0%         N/A       87%         1
 Cigotuvi's Dreadful Rot  Necr/Pois/Air  0%         N/A       94%         2
 Lesser Beckoning         Tloc           0%         N/A       94%         2
 Passwall                 Tmut/Erth      0%         N/A       94%         2
 Poisonous Vapours        Pois/Air       0%         N/A       94%         2
 Confusing Touch          Hex            0%         N/A       99%         3
 Gell's Gravitas          Tloc           0%         N/A       99%         3
 Ignite Poison            Fire/Tmut/Pois 0%         N/A       99%         3
 Mephitic Cloud           Conj/Pois/Air  0%         N/A       99%         3
 Ozocubu's Armour         Ice            0%         N/A       99%         3
 Portal Projectile        Hex/Tloc       0%         N/A       99%         3
 Stone Arrow              Conj/Erth      0%         3d7       99%         3
 Swiftness                Air            0%         N/A       99%         3
 Teleport Other           Tloc           0%         N/A       99%         3
 Vampiric Draining        Necr           0%         2d6       99%         3
 Vhi's Electric Charge    Tloc/Air       0%         N/A       99%         3
 Airstrike                Air            0%         2d(0-16)  100%        4
 Cause Fear               Hex            0%         N/A       100%        4
 Iskenderun's Mystic Bla  Conj/Tloc      0%         2d3       100%        4
 Arcjolt                  Conj/Air       0%         1d10      100%        5
 Fireball                 Conj/Fire      0%         3d3       100%        5
 Freezing Cloud           Conj/Ice/Air   0%         6-21      100%        5
 Metabolic Englaciation   Hex/Ice        0%         N/A       100%        5
 Maxwell's Capacitive Co  Air            0%         ∞         100%        8
 Summon Small Mammal      Summ           Unusable   N/A       N/A         1
 Call Canine Familiar     Summ           Unusable   N/A       N/A         3
 Summon Guardian Golem    Hex/Summ       Unusable   N/A       N/A         3
 Tukima's Dance           Hex            Unusable   N/A       N/A         3
 Simulacrum               Ice/Necr       Unusable   N/A       N/A         6
 Dragon's Call            Summ           Unusable   N/A       N/A         9

Dungeon Overview and Level Annotations

Branches:
Dungeon (10/15)            Temple (1/1) D:4            Lair (1/5) D:8
    Orc (0/2) D:10          Sewer (visited)

Altars:
Ashenzari
Cheibriados
Dithmenos
Elyvilon
Fedhas
Gozag
Hepliaklqana
Kikubaaqudgha
Makhleb
Nemelex Xobeh
Okawaru
Qazlal
Ru
Sif Muna
Trog
Uskayaw
Vehumet
Wu Jian
Xom
Yredelemnul
Zin
The Shining One

Annotations:
D:4 1 runed translucent door, MrSquiggles's ghost, amateur GrEE


Innate Abilities, Weirdness & Mutations

You have blades for hands.
Your spellcasting is less reliable in this form.
You are incapable of wielding weapons or throwing items.
You are too large for most types of armour.
You have claws for hands.
Your natural rate of healing is unusually fast.
You are covered in fur. (AC +1)
You have tough skin. (AC +1)


Message History

You are too injured to fight recklessly!
You are too injured to fight recklessly!
You hit the elephant but do no damage. You shred the elephant!!!
You slash the elephant.
The elephant is heavily wounded.
The elephant tramples you but does no damage.
The elephant completely misses you.
You slash the elephant!
The elephant is severely wounded.
The elephant tramples you!
You hold your ground!
The elephant trunk-slaps you. The elephant tramples you!
You hold your ground!
The elephant trunk-slaps you but does no damage.
You hit the elephant but do no damage. You slash the elephant!
The elephant is almost dead.
You slice the elephant!!
You kill the elephant!
Okawaru is honoured by your kill. The elephant completely misses you.
The elephant trunk-slaps you.
The bullfrog releases a deep croak.
The bullfrog barely misses you.
You barely miss the bullfrog. The bullfrog closely misses you.
The elephant tramples you!
* * * LOW HITPOINT WARNING * * *
You hold your ground!
The elephant trunk-slaps you but does no damage.
The elephant closely misses you. The elephant completely misses you.
You hit the elephant.
The elephant is lightly wounded.
The bullfrog barely misses you. The elephant closely misses you.
The elephant trunk-slaps you but does no damage.
The elephant tramples you!
* * * LOW HITPOINT WARNING * * *
You hold your ground!
The elephant trunk-slaps you but does no damage.
As you read the scroll of teleportation, it crumbles to dust.
You feel strangely unstable. The bullfrog misses you.
The elephant tramples you!
* * * LOW HITPOINT WARNING * * *
You hold your ground!
The elephant barely misses you. The bullfrog hits you!
You die...

#.........#
#.........#
#.........#
#..#####..##
#####..# #...#
.......# ##Y######.
#....# #.Y.......
#...F## ##...Y!.[Y
#...Y@# #.....###.
...#..YY## ##....#
........#####.....#
...#..........^...#
..................#
...P..............#
.###..............#
................#
.#...............#


You could see 2 elephants, a yak and a bullfrog.

Vanquished Creatures
  A boulder beetle (D:10)
  A centaur warrior (D:10)
  An ugly thing (D:10)
  2 elephants (Lair:1)
  2 gargoyles (D:10)
  A cane toad (Lair:1)
  4 kobold demonologists
  Grinder (D:5)
  A hornet (D:10)
  A vampire (D:9)
  13 yaks
  2 wyverns
  Eustachio (D:5)
  2 water moccasins
  4 orc warriors
  An ice beast (D:5)
  A sky beast (D:6)
  3 black bears
  A centaur (D:8)
  5 ogres
  A phantom (D:5)
  A kobold brigand (D:7)
  2 gnoll sergeants
  4 bullfrogs
  7 scorpions
  A wight (D:10)
  5 killer bees
  3 howler monkeys
  2 jellies
  A gnoll bouda (D:6)
  5 hounds
  5 orc priests
  2 sleepcaps (D:6)
  2 iguanas
  5 orc wizards
  20 gnolls
  12 adders
  5 river rats
  A white imp (D:6)
  2 ufetubi (D:6)
  4 worms
  3 dart slugs
  57 orcs
  21 ball pythons
  10 endoplasms
  4 giant cockroaches
  11 goblins
  4 hobgoblins
  2 jackals (D:2)
  11 kobolds
  7 quokkas
  5 bats
  5 frilled lizards
  28 rats
306 creatures vanquished.

Notes
Turn   | Place    | Note
-------+----------+-------------------------------------------
     0 | D:1      | Gelion the Troll Shapeshifter began the quest for the Orb.
     0 | D:1      | Reached XP level 1. HP: 19/19 MP: 0/0
   258 | D:1      | Reached XP level 2. HP: 28/28 MP: 1/1
   584 | D:1      | Found a faded altar of an unknown god.
   842 | D:2      | Reached XP level 3. HP: 35/35 MP: 2/2
   946 | D:2      | Reached skill level 3 in Unarmed Combat
  1089 | D:2      | Reached XP level 4. HP: 42/42 MP: 3/3
  1520 | D:3      | Reached XP level 5. HP: 7/50 MP: 4/4
  1589 | D:3      | Found a hide-covered altar of Uskayaw.
  1624 | D:3      | Noticed an ogre
  1627 | D:3      | Killed an ogre
  1628 | D:3      | Reached skill level 4 in Unarmed Combat
  1777 | D:3      | Reached XP level 6. HP: 55/59 MP: 5/5
  2313 | D:4      | Found a white marble altar of Elyvilon.
  2342 | D:4      | Found a runed translucent door.
  2347 | D:4      | Noticed MrSquiggles's ghost (amateur GrEE)
  2670 | D:4      | Reached skill level 5 in Unarmed Combat
  2831 | D:4      | Found a staircase to the Ecumenical Temple.
  2884 | D:4      | Reached XP level 7. HP: 67/67 MP: 6/6
  3040 | Temple   | Entered the Ecumenical Temple
  3073 | D:5      | Entered Level 5 of the Dungeon
  3096 | D:5      | Reached skill level 5 in Shapeshifting
  3098 | D:5      | Noticed Eustachio
  3196 | D:5      | Killed Eustachio
  3315 | D:5      | Reached skill level 6 in Unarmed Combat
  3544 | D:5      | Reached XP level 8. HP: 50/78 MP: 7/7
  3882 | D:5      | Noticed Grinder
  3887 | D:5      | Killed Grinder
  3945 | D:5      | Reached skill level 7 in Unarmed Combat
  4081 | D:6      | Found a glowing drain.
  4088 | Sewer    | Entered a sewer
  4348 | D:6      | Identified a scroll of acquirement
  4348 | D:6      | Acquired a manual of Fighting
  4477 | D:6      | Reached XP level 9. HP: 83/85 MP: 8/8
  4752 | D:6      | Reached skill level 8 in Unarmed Combat
  4753 | D:6      | Reached skill level 5 in Fighting
  5102 | D:7      | Noticed a kobold demonologist
  5102 | D:7      | Noticed a kobold demonologist
  5206 | D:7      | Noticed a kobold demonologist
  5206 | D:7      | Noticed a kobold demonologist
  5207 | D:7      | Noticed a hellwing
  5213 | D:7      | Noticed a sixfirhy
  5213 | D:7      | Killed a kobold demonologist
  5214 | D:7      | Noticed a hellwing
  5224 | D:6      | Killed a kobold demonologist
  5478 | D:7      | Noticed a soul eater
  5483 | D:7      | Killed a kobold demonologist
  5484 | D:7      | Reached skill level 9 in Unarmed Combat
  5786 | D:7      | Killed a kobold demonologist
  6044 | D:8      | Reached XP level 10. HP: 97/100 MP: 9/9
  6794 | D:8      | Reached skill level 10 in Unarmed Combat
  6923 | D:8      | Found a staircase to the Lair.
  6984 | D:8      | Found a glowing golden altar of the Shining One.
  6985 | D:8      | Found a hazy altar of Hepliaklqana.
  7045 | D:8      | Found an opulent altar of Gozag.
  7281 | D:9      | Identified the +1 dagger of Premature Burial {protect,
                  | rElec Dex+3}
  7558 | D:9      | Found an iron altar of Okawaru.
  8223 | D:10     | Entered Level 10 of the Dungeon
  8322 | D:9      | Became a worshipper of Warmaster Okawaru
  8371 | D:10     | Found a staircase to the Orcish Mines.
  8622 | D:10     | Noticed a gargoyle
  8721 | D:10     | Reached skill level 11 in Unarmed Combat
  8721 | D:10     | Reached XP level 11. HP: 111/111 MP: 10/10
  8747 | D:10     | Noticed a cyan ugly thing
  8747 | D:10     | Noticed a centaur warrior
  8753 | D:10     | Killed a cyan ugly thing
  8753 | D:10     | Reached * piety under Okawaru
  8754 | D:10     | Reached skill level 1 in Invocations
  8765 | D:10     | Noticed a boulder beetle
  8776 | D:10     | Killed a centaur warrior
  8788 | D:10     | Killed a boulder beetle
  9085 | Lair:1   | Entered Level 1 of the Lair of Beasts
  9093 | Lair:1   | Reached skill level 10 in Shapeshifting
  9125 | Lair:1   | Reached ** piety under Okawaru
  9128 | Lair:1   | HP: 4/113 [elephant (16)]
  9128 | Lair:1   | Slain by a bullfrog

Illustrated notes

Levels and vault maps discovered:
D:1:      saegor_arrival_fortress, layout_loops_ring,
          dreamdust_ecumenical_altar_angels_and_demons
D:2:      layout_basic
D:3:      minmay_wonky_spiral, layout_basic, mainiacjoe_overflow_chevrons,
          serial_forest, infiniplex_forest_corner_2, infiniplex_forest_zigzag_1,
          infiniplex_forest_lined_4_way, infiniplex_forest_clump_diagonal,
          infiniplex_forest_clump_diagonal, infiniplex_forest_clump_curved,
          infiniplex_forest_fountain, infiniplex_forest_lined_ring
D:4:      layout_loops_cross, elyvilon_altar_5, temple_fountains,
          hellmonk_ghost_happy_afterlife, grunt_ministairs_15, kennysheep_path_1
D:5:      layout_gridville, dreamdust_wishing_well, kennysheep_cluttered_room,
          chequers_mini_garden, grunt_ministairs_11, kennysheep_generic_room_12,
          uniq_grinder, uniq_eustachio
D:6:      layout_gridville, portal_sewer_entry_e
D:7:      layout_basic
D:8:      layout_basic, nicolae_gozag_seed_capital,
          gammafunk_temple_overflow_pools, grunt_lair_entry_orc_guard_hut
D:9:      layout_roguey, nicolae_overflow_hidden_temple
D:10:     kennysheep_blocky_room, layout_cave_pools, david_orc_5,
          dk_noncrumbling_4
Temple:   nicolae_temple_superstar
Lair:1:   layout_chaotic_city

Skill      XL: |  1  2  3  4  5  6  7  8  9 10 11 |
---------------+----------------------------------+-----
Fighting       | 2 3 4 6 8 |  8.7
Unarmed Combat | 3 4 5 6 7 9 11 | 11.5
Shapeshifting  | 4 5 6 8 9 10 | 10.0
Dodging        | 2 |  2.8
Invocations    | 2 |  2.2

Action                     |  1- 3 |  4- 6 |  7- 9 | 10-12 || total
---------------------------+-------+-------+-------+-------++-------
  Melee: Unarmed           |    84 |   160 |   227 |   226 ||   697
         Punch             |     2 |     6 |    10 |    14 ||    32
 Invoke: Heroism           |       |       |       |     1 ||     1
    Use: Scroll            |       |     6 |     3 |     7 ||    16
         Potion            |       |       |       |     3 ||     3
   Stab: Sleeping          |       |     1 |     1 |       ||     2
 Armour: Animal skin       |    19 |    26 |    74 |    36 ||   155
  Dodge: Dodged            |    41 |    71 |   139 |   193 ||   444
   Form: Blade             |       |       |       |     1 ||     1

Table legend: (Time is in decaauts)
 A = Elapsed time spent in this place.
 B = Non-inter-level travel time spent in this place.
 C = Inter-level travel time spent in this place.
 D = Time resting spent in this place.
 E = Time spent auto-exploring this place.
 F = Levels seen in this place.
 G = Mean time per level.
                   A        B        C        D        E       F      G
               +--------+--------+--------+--------+--------+-----+--------+
         Total |   9052 |   8184 |    868 |    303 |   6217 |  13 |  696.3 |
       Dungeon |   8756 |   7889 |    867 |    303 |   6082 |  10 |  875.6 |
        Temple |      7 |      7 |      0 |      0 |      0 |   1 |    7.0 |
          Lair |     38 |     38 |      0 |      0 |      0 |   1 |   38.0 |
         Sewer |    249 |    249 |      0 |      0 |    135 |   1 |  249.0 |
               +--------+--------+--------+--------+--------+-----+--------+

Top non-repeatable levels by time:
     D:8: 1147 daAuts
     D:6: 1020 daAuts
     D:7: 966 daAuts
     D:4: 926 daAuts
     D:9: 878 daAuts
     D:5: 870 daAuts
     D:3: 864 daAuts
     D:1: 772 daAuts
    D:10: 751 daAuts
     D:2: 558 daAuts
   Sewer: 249 daAuts
  Lair:1: 38 daAuts
  Temple: 7 daAuts
